 Dungeon Crawl Stone Soup version 0.25-a0-2-g6559c6c67a (webtiles) character file.

Game seed: 17419637056436837137, levelgen mode: deterministic

1621 GingerCream the Cleaver (level 8, -3/70 HPs)
             Began as a Minotaur Fighter on Oct 14, 2019.
             Was a Priest of Uskayaw.
             Slain by a gnoll (7 damage)
             ... on level 5 of the Dungeon.
             The game lasted 00:26:18 (3120 turns).

GingerCream the Cleaver (Minotaur Fighter)          Turns: 3120, Time: 00:26:19

Health: -3/70      AC:  6    Str: 21    XL:     8   Next: 64%
Magic:  16/16      EV: 10    Int:  5    God:    Uskayaw [***...]
Gold:   116        SH: 10    Dex: 12    Spells: 7/7 levels left

rFire    . . .     SeeInvis .   a - +0 war axe
rCold    . . .     Gourm    .   c - +0 shield
rNeg     . . .     Faith    +   u - +0 ring mail
rPois    .         Spirit   .   (helmet restricted)
rElec    .         Reflect  .   (no cloak)
rCorr    .         Harm     .   (no gloves)
MR       .....                  (no boots)
Stlth    +.........             r - amulet of faith
HPRegen  0.21/turn              m - ring of magical power
MPRegen  0.15/turn              (no ring)

@: no status effects
A: retaliatory headbutt, horns 2
a: Stomp, Line Pass, Renounce Religion


You were on level 5 of the Dungeon.
You worshipped Uskayaw.
Uskayaw was noncommittal.
You were very hungry.

You visited 1 branch of the dungeon, and saw 5 of its levels.
You also visited: Sewer.

You collected 116 gold pieces.

Inventory:

Hand Weapons
 a - a +0 war axe (weapon)
 g - a +0 long sword
 l - a +2 dagger of draining
 o - a +0 dagger
 p - a +0 falchion
Missiles
 j - 95 stones (quivered)
 k - 44 bolts
Armour
 c - a +0 shield (worn)
 u - a +0 ring mail (worn)
Jewellery
 m - a ring of magical power (left hand)
 r - an amulet of faith (around neck)
Wands
 i - a wand of random effects (8)
Scrolls
 e - 3 scrolls of identify
 h - 3 scrolls of remove curse
 q - a scroll of teleportation
 s - 3 scrolls of amnesia
Potions
 b - a potion of ambrosia {unknown}
 d - 3 potions of might
 n - a potion of curing
 t - a potion of cancellation
 v - a potion of invisibility
Comestibles
 f - 6 rations


   Skills:
 + Level 5.8 Fighting
 + Level 8.4 Axes
 + Level 6.7 Armour
 + Level 3.2 Dodging
 + Level 1.2 Stealth
 + Level 6.9 Shields


You had 7 spell levels left.
You didn't know any spells.
Your spell library was empty.

Dungeon Overview and Level Annotations

Branches:
Dungeon (5/15)              Sewer (visited)
 Temple: D:4-7

Altars:
Cheibriados
Fedhas
Nemelex Xobeh
Okawaru
Ru
Uskayaw


Innate Abilities, Weirdness & Mutations

You reflexively headbutt those who attack you in melee.
You have a pair of horns on your head.


Message History

You hit the gnoll.
Uskayaw will force your foes to helplessly watch your dance.
Uskayaw prepares the audience for your solo!
The helpless ogre fails to defend itself.
You slash the ogre!
You kill the ogre!
The helpless gnoll fails to defend itself.
You slash the gnoll!
You kill the gnoll!
The gnoll is no longer paralysed.
The gnoll hits you.
* * * LOW HITPOINT WARNING * * *
Items here: $ )) †† a +0 giant spiked club; a +1 whip of electrocution; 8 gold pieces an ogre corpse; a gnoll corpse You block the gnoll's attack.
The gnoll hits you.
* * * LOW HITPOINT WARNING * * *
You slash the gnoll!
The gnoll is almost dead.
You block the gnoll's attack. The gnoll hits you!
You die...

...##....##.......#
..#,##..##.#......#
.#,*,#..#.#.#.....#
,**,#....#g##.....#
*,*#......##.#....#
,*..........#.#...#
*,...........##g..#
,,,,,,.........#g.#
,,,,,,,.=......)@.#
,,**,*,########.).#
,,,,,,,* #####
****,*** ** *,*
,***,* *,,,,*
,***** **


You could see 2 gnolls.

Vanquished Creatures
  Pikel (D:4)
  A slave (D:4)
  The ghost of topfpfpflanze the Ruffian, an amateur CeMo (D:4)
  5 ogres
  2 centaurs (D:5)
  A big kobold (Sewer)
  A bullfrog zombie (D:5)
  An iguana (D:4)
  2 orc wizards (D:4)
  A worker ant (D:4)
  A hound skeleton (D:5)
  2 gnolls (D:5)
  5 adders
  3 river rats
  A shadow imp (D:5)
  An adder skeleton (D:4)
  3 worms
  2 dart slugs
  6 leopard geckos
  17 orcs
  2 ball pythons
  11 giant cockroaches
  6 hobgoblins
  6 jackals
  2 quokkas
  6 bats
  5 frilled lizards
  11 goblins
  14 kobolds
  15 rats
135 creatures vanquished.

Notes
Turn   | Place    | Note
-------+----------+-------------------------------------------
     0 | D:1      | GingerCream the Minotaur Fighter began the quest for the
                  | Orb.
     0 | D:1      | Reached XP level 1. HP: 19/19 MP: 0/0
   143 | D:1      | Reached XP level 2. HP: 27/27 MP: 1/1
   459 | D:1      | Reached skill level 3 in Axes
   543 | D:1      | Reached XP level 3. HP: 33/33 MP: 2/2
   890 | D:2      | Found a snail-covered altar of Cheibriados.
  1320 | D:3      | Found a glowing drain.
  1339 | Sewer    | Entered a sewer
  1344 | Sewer    | Reached XP level 4. HP: 37/40 MP: 3/3
  1391 | Sewer    | Noticed a big kobold
  1410 | Sewer    | Killed a big kobold
  1410 | Sewer    | Reached skill level 4 in Axes
  1410 | Sewer    | Reached XP level 5. HP: 41/46 MP: 4/4
  1550 | D:3      | Noticed a +0 dagger
  1552 | D:3      | Noticed a +0 hand axe
  1562 | D:3      | Found a hide-covered altar of Uskayaw.
  1588 | D:3      | Reached skill level 5 in Axes
  1607 | D:3      | Became a worshipper of Uskayaw the Reveler
  1682 | D:3      | Reached * piety under Uskayaw
  2048 | D:3      | Reached ** piety under Uskayaw
  2205 | D:4      | Reached skill level 5 in Shields
  2238 | D:4      | Noticed an ogre
  2247 | D:4      | Killed an ogre
  2247 | D:4      | Reached skill level 1 in Dodging
  2247 | D:4      | Reached XP level 6. HP: 15/53 MP: 5/5
  2247 | D:4      | Reached *** piety under Uskayaw
  2442 | D:4      | Reached skill level 5 in Armour
  2462 | D:4      | Reached skill level 6 in Axes
  2462 | D:4      | Reached XP level 7. HP: 48/60 MP: 6/6
  2513 | D:4      | Got a smoking cloak
  2514 | D:4      | Identified the cursed +0 cloak of the Boiling Point {+Inv
                  | rF+} (You found it on level 4 of the Dungeon)
  2657 | D:4      | Found a runed translucent door.
  2658 | D:4      | Noticed topfpfpflanze's ghost (amateur CeMo)
  2667 | D:4      | Killed topfpfpflanze's ghost
  2670 | D:4      | Reached **** piety under Uskayaw
  2676 | D:4      | Found a runed translucent door.
  2718 | D:4      | Noticed Pikel
  2733 | D:4      | Killed Pikel
  2733 | D:4      | Reached skill level 5 in Fighting
  2733 | D:4      | Reached skill level 7 in Axes
  2733 | D:4      | Reached XP level 8. HP: 50/69 MP: 7/7
  2746 | D:4      | Found a blossoming altar of Fedhas.
  2747 | D:4      | Found a sparkling altar of Nemelex Xobeh.
  2747 | D:4      | Found a sacrificial altar of Ru.
  2754 | D:4      | Found an iron altar of Okawaru.
  2909 | D:5      | Entered Level 5 of the Dungeon
  2970 | D:5      | Reached skill level 1 in Stealth
  3055 | D:5      | Reached skill level 8 in Axes
  3120 | D:5      | Slain by a gnoll

Levels and vault maps discovered:
D:1:      dpeg_arrival_rhombus, layout_loops_ring
D:2:      layout_basic, tso_altar, cheibriados_altar_1
D:3:      layout_basic, dancing_weapons_uskayaw, portal_sewer_entry_f,
          minmay_door_square, kennysheep_decorative_pillar,
          minmay_misc_feat_five, chequers_mini_garden, minmay_cupped
D:4:      layout_loops_ring, minitemple, ebering_ghost_sewer_f, first_ration,
          hangedman_minor_gate_pass, uniq_pikel
D:5:      layout_loops_ring, kennysheep_mini, serial_shops, shop,
          minmay_misc_feat_secret_circle

Skill      XL: |  1  2  3  4  5  6  7  8 |
---------------+-------------------------+-----
Shields        | 4 5 6 |  6.9
Fighting       | 4 5 |  5.8
Axes           | 3 4 5 6 7 8 |  8.4
Armour         | 4 5 6 |  6.7
Dodging        | 1 2 3 |  3.2
Stealth        | 1 |  1.2

Action                   |  1- 3 |  4- 6 |  7- 9 || total
-------------------------+-------+-------+-------++-------
Melee: War axe           |   104 |   151 |    85 ||   340
       Headbutt          |    20 |    21 |    17 ||    58
Invok: Stomp             |       |     2 |       ||     2
  Use: Potion            |     4 |     1 |     2 ||     7
       Scroll            |     3 |     5 |     3 ||    11
 Stab: Paralysed         |       |       |     4 ||     4
  Eat: Ration            |     1 |     1 |       ||     2
Armor: Scale mail        |    48 |    41 |     2 ||    91
       Ring mail         |       |       |    19 ||    19
Dodge: Dodged            |    24 |    42 |    34 ||   100
Block: Shield            |    53 |    69 |    56 ||   178

Table legend:
 A = Non-vault XP
 B = Vault XP
 C = Vault XP percentage of total XP
 D = Non-vault monster count
 E = Vault monster count
 F = Vault count percentage of total count
                 A         B        C        D         E       F
            +---------+---------+-------+---------+---------+-------
      Total |    1262 |    1054 |  45.5 |     106 |      28 |  20.9
            +---------+---------+-------+---------+---------+-------
        D:1 |      50 |       0 |   0.0 |      30 |       0 |   0.0
        D:2 |      32 |       0 |   0.0 |      10 |       0 |   0.0
        D:3 |      69 |      30 |  30.3 |      33 |       8 |  19.5
        D:4 |     652 |     892 |  57.8 |      23 |       7 |  23.3
        D:5 |     459 |       0 |   0.0 |      10 |       0 |   0.0
      Sewer |       0 |     132 | 100.0 |       0 |      13 | 100.0
            +---------+---------+-------+---------+---------+-------
